Map: Torches LE

Players

Lucretius

  • Race: Terran Terran
  • League: Diamond
  • Spawn Location: 1:00

KungFuCowboy - Winner!

  • Race: Zerg Zerg
  • League: Master
  • Spawn Location: 5:00

VOD

Have the link to the VOD?

Description

Time

  • Played on: July 14, 2025, 1:28 a.m.
  • Length: 36:58
Show
View Real Time Build Order
Export as new Build Order

Lucretius Terran 

Build Orders: 2 Factory, Mech 

Get SALT Encoding   

  12  0:00  SCV  
  13  0:12  SCV  
  14  0:19  Supply Depot  
  14  0:24  SCV  
  15  0:41  SCV  
  15  0:42  Barracks  
  16  0:53  SCV  
  17  1:05  SCV  
  18  1:17  Command Center  
  19  1:29  Orbital Command  
  19  1:30  Marine  
  19  1:38  Refinery  
  19  1:42  Refinery  
  19  1:50  Supply Depot  
  19  1:53  Marine  
  20  1:58  SCV  
  21  2:11  Marine  
  22  2:25  Factory  
  22  2:29  Orbital Command, Marine  
  23  2:36  SCV  
  24  2:45  Factory  
  24  2:47  Marine  
  25  2:55  SCV x2  
  27  3:07  SCV  
  27  3:08  Marine, SCV  
  27  3:09  Factory Tech Lab  
  30  3:30  SCV  
  30  3:31  Siege Tank, Factory Reactor  
  34  3:55  Command Center  
  30  4:04  SCV x2  
  30  4:05  Siege Tank  
  30  4:09  Hellion x2  
  37  4:13  Refinery  
  37  4:14  Refinery  
  37  4:16  SCV x2  
  39  4:22  Armory  
  39  4:26  Armory  
  39  4:38  Supply Depot  
  39  4:46  SCV x2  
  39  4:51  Siege Tank  
  46  4:52  Hellion  
  46  5:00  Hellion  
  46  5:04  Supply Depot  
  46  5:05  SCV x2  
  50  5:11  Terran Vehicle Weapons Level 1  
  50  5:13  Terran Vehicle And Ship Armor Level 1  
  50  5:17  SCV  
  50  5:21  Orbital Command  
  51  5:27  Infernal Pre-Igniter  
  51  5:52  Hellion x2  
  51  5:53  Thor  
  51  5:55  SCV x2  
  61  6:14  SCV x2  
  61  6:17  Widow Mine x2  
  61  6:22  SCV, Factory  
  61  6:24  Factory  
  62  6:26  SCV  
  62  6:32  SCV  
  64  6:34  SCV  
  64  6:39  SCV  
  66  6:44  SCV  
  67  6:48  Hellion x2  
  67  6:50  Thor  
  77  6:56  Orbital Command  
  77  7:00  Supply Depot  
  77  7:02  Orbital Command  
  77  7:22  SCV x2  
  79  7:23  Supply Depot  
  79  7:31  SCV  
  79  7:34  SCV x2  
  82  7:37  Supply Depot  
  82  7:43  SCV  
  83  7:46  SCV x2, Supply Depot x3  
  85  7:51  Terran Vehicle Weapons Level 2  
  85  7:52  Factory Tech Lab, Terran Vehicle And Ship Armor Level 2  
  85  7:53  Factory Reactor  
  85  7:55  SCV  
  86  7:58  SCV x2  
  86  8:05  Refinery  
  88  8:07  SCV  
  88  8:09  Refinery  
  88  8:10  SCV, Supply Depot  
  90  8:28  SCV x2  
  90  8:33  SCV  
  93  8:39  Thor  
  93  8:40  Hellion, Thor, SCV  
  93  8:41  Hellion x3  
  114  8:47  SCV x2, Starport, Factory  
  114  8:48  Factory  
  116  8:51  Supply Depot  
  116  8:52  SCV  
  117  8:57  Command Center  
  117  8:59  SCV  
  117  9:02  SCV  
  119  9:04  SCV  
  120  9:11  SCV  
  120  9:12  Supply Depot  
  120  9:13  Supply Depot  
  105  9:28  Hellion, Thor x2  
  105  9:29  Hellion x3  
  125  9:56  Hellion x4  
  125  9:57  Medivac  
  125  9:59  Factory Reactor, Factory Tech Lab  
  134  10:10  Thor x2  
  134  10:13  Orbital Command  
  146  10:17  Terran Vehicle Weapons Level 3  
  146  10:18  Terran Vehicle And Ship Armor Level 3  
  146  10:20  Hellion x3, Thor  
  160  10:21  Hellion  
  158  10:54  Thor  
  158  10:55  Hellion, Thor  
  172  10:57  Hellion  
  172  10:58  Hellion x2  
  172  10:59  Hellion x2  
  172  11:03  Hellion  
  148  11:17  Hellion  
  138  11:18  Hellion  
  138  11:19  Hellion  
  138  11:20  Hellion x2  
  138  11:21  Hellion  
  138  11:24  Thor  
  146  11:30  SCV x2  
  148  11:38  Hellion x2  
  148  11:39  Starport Tech Lab  
  152  11:41  Starport  
  152  11:43  Hellion  
  152  11:44  Hellion x5  
  164  11:59  Thor  
  168  12:09  Hellion x2  
  168  12:13  Orbital Command  
  168  12:15  Hellion, Thor  
  180  12:32  Hellion x3  
  180  12:33  Supply Depot  
  186  12:37  Refinery  
  186  12:38  Thor  
  186  12:40  Refinery  
  186  12:41  Thor  
  186  12:57  Thor  
  164  13:15  Hellion x5  
  164  13:17  Viking  
  167  13:21  Thor  
  167  13:24  Thor  
  179  13:29  Hellion  
  181  13:34  SCV x2  
  181  13:36  Hellion x4, SCV x2  
  193  13:47  Viking  
  193  14:03  Hellion  
  193  14:05  Hellion  
  193  14:07  Hellion  
  193  14:08  Hellion  
  193  14:09  Hellion  
  195  14:10  Hellion x2  
  195  14:11  Thor  
  195  14:13  Thor  
  177  14:25  Hellion, SCV x2  
  177  14:26  Thor  
  177  14:28  Hellion  
  177  14:29  Hellion  
  191  14:33  Hellion x2  
  195  14:55  Hellion  
  195  14:57  Thor  
  193  15:08  Hellion  
  195  15:34  Hellion x3  
  195  15:35  Hellion x3  
  195  15:36  Thor  
  195  15:39  Command Center  
  195  15:41  Hellion x2  
  173  15:55  Hellion x3  
  173  15:56  Hellion x3  
  173  16:02  Hellion, Thor  
  169  16:17  Hellion x3  
  169  16:18  Hellion x3  
  173  16:19  Thor  
  173  16:23  Hellion  
  175  16:38  Hellion x3  
  175  16:39  Hellion x3  
  183  16:44  Thor x2  
  173  17:00  Hellion x5  
  183  17:01  Thor  
  185  17:27  Thor  
  185  17:29  Thor  
  191  17:32  Hellion  
  199  17:49  Refinery  
  199  17:50  Refinery  
  199  17:51  Hellion  
  131  18:22  Thor x3  
  131  18:23  Hellion x6  
  127  18:40  SCV x2  
  121  18:44  Hellion x3  
  127  18:49  Banshee  
  130  18:56  Orbital Command  
  130  18:59  Engineering Bay  
  130  19:04  Thor x2  
  130  19:05  Thor  
  130  19:06  Hellion  
  130  19:07  Hellion x2  
  154  19:28  Orbital Command  
  154  19:30  Missile Turret  
  154  19:31  Missile Turret  
  154  19:32  Command Center  
  145  19:47  Thor  
  140  19:57  Thor x2  
  140  19:59  Hellion x6  
  160  20:20  Hellion x2  
  131  20:51  Thor x3  
  131  20:52  Hellion x6  
  143  21:02  SCV x2  
  145  21:06  Refinery  
  144  21:13  Hellion x3  
  144  21:15  Hellion x3  
  156  21:19  Banshee  
  156  21:22  Cloaking Field  
  147  21:33  Thor x2  
  147  21:34  Hellion, Thor  
  147  21:35  Hellion x2  
  147  21:36  Hellion  
  163  21:50  Hellion  
  163  21:51  Hellion  
  167  21:56  Hellion  
  169  22:02  Medivac  
  171  22:16  Thor x3  
  171  22:22  Hellion x4  
  177  22:57  Hellion x3  
  175  22:59  Thor x3  
  181  23:05  Hellion x2  
  108  23:41  Orbital Command  
  108  23:42  Thor  
  108  23:43  Thor  
  108  23:44  Hellion x4  
  116  24:01  Hellion x2  
  120  24:03  Banshee  
  120  24:08  SCV x3  
  126  24:16  SCV x2  
  128  24:20  Refinery, SCV  
  129  24:34  Thor  
  129  24:37  Hellion  
  135  24:43  Terran Ship Weapons Level 1  
  135  24:44  SCV  
  136  24:51  Banshee, Viking  
  141  25:03  Thor x2  
  141  25:04  Hellion x5  
  141  25:05  Hellion  
  165  25:16  Thor  
  169  25:29  Hellion x6  
  169  25:31  Viking  
  169  25:33  Banshee  
  186  25:39  SCV x2  
  188  25:46  Thor x2  
  153  27:07  Thor x2  
  153  27:08  Hellion, Thor  
  149  27:09  Hellion x5  
  149  27:14  Banshee  
  149  27:15  Viking  
  139  27:17  SCV x2  
  143  27:30  Hellion x2  
  145  27:50  Thor x3  
  160  27:54  Hellion x6  
  160  27:57  Banshee  
  175  27:58  Viking  
  177  28:08  Refinery  
  177  28:15  Hellion  
  177  28:18  Hellion x5  
  189  28:21  Orbital Command  
  189  28:33  Thor  
  159  29:04  Thor  
  159  29:05  Thor  
  159  29:06  Hellion x6  
  183  29:15  Thor  
  187  29:27  Hellion x4  
  178  29:47  Thor  
  178  29:51  Orbital Command  
  147  30:05  Thor x2  
  147  30:06  Hellion x2  
  147  30:07  Hellion x4  
  163  30:28  Hellion x2  
  165  30:30  Hellion x2  
  165  30:31  Hellion x3  
  103  31:00  Thor x2  
  103  31:02  Hellion  
  73  31:22  Thor  
  73  31:23  Hellion x2  
  83  31:30  Orbital Command  
  77  31:38  Hellion x2  
  79  31:41  Orbital Command  
  60  32:08  Hellion  
  60  32:15  Hellion x7  
  36  33:11  Hellion  
  10  34:10  Thor  
Show
View Real Time Build Order
Export as new Build Order

KungFuCowboy Zerg - Winner!

Build Orders: Hatch First, Swarm Host 

Get SALT Encoding   

  12  0:01  Drone  
  13  0:12  Overlord  
  13  0:17  Drone  
  14  0:31  Drone x2  
  14  0:34  Drone  
  17  0:54  Hatchery  
  16  1:08  Spawning Pool  
  16  1:09  Drone  
  16  1:14  Extractor  
  16  1:15  Drone  
  16  1:19  Drone  
  16  1:23  Drone  
  18  1:31  Drone  
  19  1:44  Overlord  
  19  1:58  Zergling x2, Queen  
  22  2:04  Zergling x2  
  22  2:06  Queen  
  22  2:07  Drone  
  26  2:19  Metabolic Boost  
  26  2:21  Drone x2  
  28  2:26  Drone  
  29  2:32  Overlord  
  29  2:40  Queen  
  31  2:46  Drone x2  
  31  2:47  Drone  
  34  2:52  Drone  
  35  2:58  Queen, Drone  
  38  3:11  Roach Warren, Drone x3  
  40  3:19  Overlord  
  40  3:34  Overlord  
  40  3:41  Zergling x6  
  42  4:07  Drone x10  
  52  4:17  Hatchery  
  52  4:20  Overlord x2  
  50  4:25  Extractor  
  49  4:35  Overlord x3  
  49  4:38  Queen  
  53  4:42  Lair  
  56  4:45  Drone x5  
  56  4:47  Drone x3  
  59  5:08  Drone x4  
  59  5:11  Spore Crawler  
  59  5:13  Spore Crawler  
  59  5:14  Drone x3  
  64  5:19  Queen, Drone x3  
  64  5:21  Spore Crawler, Drone  
  70  5:24  Extractor x2  
  67  5:29  Queen  
  67  5:31  Drone x3  
  72  5:44  Spire  
  72  5:45  Spore Crawler  
  72  5:49  Roach x6  
  81  6:15  Drone x14  
  95  6:31  Infestation Pit  
  94  6:33  Drone x3  
  94  6:35  Extractor  
  94  6:37  Extractor  
  95  6:40  Overlord x5  
  95  6:46  Glial Reconstitution  
  95  6:47  Evolution Chamber  
  95  6:48  Roach x2, Hatchery  
  97  7:13  Hive  
  97  7:15  Burrow  
  97  7:19  Zerg Missile Weapons Level 1  
  97  7:22  Evolution Chamber  
  96  7:23  Roach x13  
  96  7:27  Overseer  
  96  7:29  Pneumatized Carapace  
  122  7:35  Hatchery  
  121  7:41  Overlord x3  
  121  7:42  Overlord  
  121  8:06  Zerg Ground Armor Level 1  
  121  8:09  Drone  
  122  8:17  Swarm Host x12  
  158  8:22  Overlord x2  
  158  8:23  Overlord  
  158  8:39  Overlord x4  
  158  8:41  Viper x2  
  158  8:44  Overseer  
  158  8:46  Overseer  
  164  8:58  Drone x14  
  164  9:00  Drone x3  
  181  9:18  Extractor  
  181  9:21  Extractor, Viper x2  
  185  9:29  Swarm Host x4  
  197  9:32  Extractor  
  197  9:33  Extractor  
  197  9:34  Roach x2  
  199  9:40  Zerg Missile Weapons Level 2  
  199  9:45  Spore Crawler  
  198  9:50  Drone x2  
  172  11:17  Roach x2  
  172  11:18  Roach x10  
  184  11:29  Ravager x7  
  189  11:35  Viper x3  
  198  12:13  Adrenal Glands  
  198  12:14  Neural Parasite  
  198  12:16  Zerg Missile Weapons Level 3, Evolution Chamber  
  198  12:18  Zerg Melee Weapons Level 1  
  198  12:20  Greater Spire  
  197  12:36  Hatchery  
  192  13:25  Spire  
  192  13:26  Zerg Ground Armor Level 2  
  191  13:27  Hydralisk Den  
  191  13:28  Roach x4  
  191  13:29  Roach  
  200  13:36  Zerg Flyer Armor Level 1  
  200  13:37  Ultralisk Cavern  
  162  14:20  Infestor x9  
  150  14:29  Chitinous Plating  
  139  14:33  Zerg Melee Weapons Level 2  
  139  14:34  Lurker Den  
  139  14:35  Zergling x28  
  139  14:36  Zergling x26  
  163  14:40  Zerg Flyer Weapons Level 1  
  141  15:06  Zergling x20  
  136  15:13  Queen, Ultralisk x2  
  136  15:14  Queen  
  152  15:15  Ultralisk x3  
  162  15:28  Overlord  
  162  15:29  Overlord  
  118  16:06  Anabolic Synthesis  
  118  16:07  Zerg Ground Armor Level 3  
  118  16:08  Viper  
  118  16:09  Ultralisk x3  
  128  16:48  Hatchery  
  125  17:08  Ultralisk x7  
  167  17:13  Infestor x2  
  167  17:14  Hatchery  
  170  17:16  Overlord x6  
  170  17:29  Infestor x9  
  170  17:33  Seismic Spines  
  170  17:34  Hatchery  
  169  17:52  Spore Crawler  
  169  17:56  Drone x9  
  169  17:57  Queen x2  
  117  18:27  Drone x6  
  117  18:29  Infestor  
  125  18:40  Drone x3  
  128  18:43  Spore Crawler  
  127  18:52  Hydralisk  
  127  18:53  Hydralisk x4  
  137  19:05  Drone x4  
  137  19:06  Queen x3  
  147  19:14  Drone x6  
  147  19:16  Drone x3  
  147  19:17  Queen  
  156  19:19  Lurker x5  
  156  19:21  Adaptive Talons  
  163  19:29  Drone x3  
  163  19:30  Drone x6  
  172  19:55  Infestor x4  
  164  20:51  Drone x13  
  164  20:56  Drone x3  
  168  21:07  Hatchery  
  168  21:08  Hatchery  
  166  21:35  Hydralisk x11  
  182  21:47  Extractor, Drone x2  
  181  21:49  Extractor  
  179  21:59  Ultralisk  
  185  22:06  Hatchery  
  184  22:14  Lurker x2  
  100  23:39  Lurker x5  
  100  23:49  Drone x31  
  100  23:52  Spine Crawler  
  130  23:57  Spine Crawler  
  130  23:59  Spore Crawler  
  130  24:01  Infestor x4, Spore Crawler  
  135  24:12  Zerg Melee Weapons Level 3  
  135  24:13  Drone x8  
  143  24:20  Queen x4  
  151  24:30  Drone x5  
  156  24:32  Extractor x2  
  156  24:34  Spine Crawler  
  156  24:35  Spine Crawler, Hatchery  
  156  24:38  Extractor  
  150  24:42  Extractor  
  150  24:44  Hydralisk x9  
  167  25:02  Spore Crawler  
  167  25:03  Spore Crawler  
  167  25:06  Spine Crawler  
  164  25:15  Hatchery  
  160  25:39  Hatchery  
  160  25:42  Overseer  
  159  25:47  Hydralisk x19  
  197  25:50  Lurker x2  
  199  26:04  Muscular Augments  
  199  26:05  Overseer  
  199  26:06  Overseer  
  199  26:10  Spore Crawler  
  179  26:42  Zergling x16  
  179  26:43  Zergling x18  
  163  27:05  Zergling x2, Drone  
  163  27:07  Zergling x2  
  163  27:08  Zergling x16, Grooved Spines  
  160  27:38  Overseer, Spore Crawler  
  160  27:42  Hatchery  
  156  27:45  Extractor  
  156  27:47  Spore Crawler  
  156  27:48  Extractor  
  153  28:02  Hatchery  
  152  28:18  Hatchery  
  151  28:20  Spore Crawler  
  151  28:26  Hydralisk x8  
  151  28:27  Hydralisk x5  
  150  28:29  Lurker x4  
  170  29:01  Hydralisk x12  
  187  29:05  Viper x3  
  140  29:57  Zergling x52  
  140  29:58  Zergling x2  
  129  30:20  Hydralisk x10  
  133  30:38  Extractor  
  126  30:55  Drone x4  
  126  30:56  Drone x2  
  112  31:01  Zergling x32  
  112  31:02  Queen x2  
  112  31:03  Queen x2  
  113  31:11  Drone  
  113  31:12  Drone x4  
  102  31:34  Extractor, Hatchery  
  102  31:36  Extractor  
  102  31:37  Spore Crawler  
  98  31:43  Lurker  
  98  31:44  Lurker x2, Hydralisk x7  
  98  31:45  Zergling x2  
  98  31:46  Zergling x20  
  122  32:14  Lurker  
  122  32:15  Lurker  
  119  32:34  Lurker x2  
  101  33:03  Drone x3  
  101  33:05  Drone x2  
  106  33:08  Ultralisk x2  
  118  33:13  Queen  
  118  33:14  Queen x2  
  111  33:26  Mutalisk  
  109  34:21  Lurker x3  
  109  34:23  Hydralisk x12  
  136  34:33  Zergling x48  
  160  34:41  Drone x4  
  164  34:48  Extractor  
  163  35:10  Drone x7  
  170  36:49  Extractor  
Tags
 
Add a new tag
Caveats
  • Supply blocks, unpowered buildings, or Contaminate may cause inaccurate times.
  • Supply counts are checked every 10 seconds.